 Dungeon Crawl Stone Soup version 0.30-a0-702-gdf48620a09 (webtiles) character file.

Game seed: 9406775782409164743

134398 Rrauwl the Severer (level 17, -1/158 HPs)
             Began as a Hill Orc Fighter on Jan 20, 2023.
             Was the Champion of Okawaru.
             Slain by a quicksilver ooze (17 damage)
             ... created by the Royal Jelly
             ... in the Arena on Jan 21, 2023.
             The game lasted 01:18:10 (26040 turns).

Rrauwl the Severer (Hill Orc Fighter)              Turns: 26040, Time: 01:18:10

Health: -1/158     AC: 32    Str: 33    XL:     17   Next: 17%
Magic:  7/29       EV:  7    Int: 17    God:    Okawaru [******]
Gold:   1745       SH:  8    Dex: 14    Spells: 7/16 levels left

rFire   + + +      SeeInvis +    a - +10 broad axe of Hemovih {freeze, Fly Str+3 Int+9 Dex-2}
rCold   + . .      Faith    .    W - +0 buckler {reflect}
rNeg    . . .      Spirit   .    y - +9 crystal plate armour of the Alphagorgon {Str+3 Dex+3 Stlth+}
rPois   +          Reflect  +    V - +1 hat
rElec   .          Harm     .    i - +4 cloak of Resonance {Fly rPois rF+++ rCorr}
rCorr   +          Rampage  .    S - +1 pair of gloves "Acapleus" {Will+ SInv}
Will    +++++                    P - +1 pair of boots "Ukhymp" {rF+ Will+} Stlth
                                 s - amulet "Cyestred" {Acrobat Will+ Dex+3}
HPRegen 0.46/turn                Q - ring of protection from cold
MPRegen 0.21/turn                r - ring of willpower

@: mighty, engulfed (cannot breathe), corroded, on berserk cooldown, flying,
duelling
A: hooves 1, iridescent scales 1, noise suppression
a: Renounce Religion, Heroism, Finesse, Duel


You were in the Arena.
You worshipped Okawaru.
Okawaru was exalted by your worship.
You visited 6 branches of the dungeon, and saw 29 of its levels.
You also visited: Volcano.

You collected 2807 gold pieces.
You spent 1062 gold pieces at shops.

Inventory:

Hand Weapons
 a - the +10 broad axe of Hemovih (weapon) {freeze, Fly Str+3 Int+9 Dex-2}
   (Okawaru gifted it to you on level 2 of the Orcish Mines)

   Str:       It affects your strength (+3).
   Int:       It affects your intelligence (+9).
   Dex:       It affects your dexterity (-2).
   Fly:       It grants you flight.
 b - a +3 broad axe of flaming
 c - a +0 heavy sling
 d - a +1 broad axe of electrocution
Missiles
 k - 7 throwing nets (quivered)
 F - 4 boomerangs of dispersal
Armour
 i - the +4 cloak of Resonance (worn) {Fly rPois rF+++ rCorr}
   (You acquired it on level 3 of the Dungeon)

   rF:        It renders you almost immune to fire.
   rPois:     It protects you from poison.
   Fly:       It grants you flight.
   rCorr:     It protects you from acid and corrosion.
 y - the +9 crystal plate armour of the Alphagorgon (worn) {Str+3 Dex+3 Stlth+}
   (Okawaru gifted it to you on level 8 of the Dungeon)

   Str:       It affects your strength (+3).
   Dex:       It affects your dexterity (+3).
   Stlth:     It makes you more stealthy.
 P - the +1 pair of boots "Ukhymp" (worn) {rF+ Will+}
   (Okawaru gifted it to you on level 14 of the Dungeon)

   rF:        It protects you from fire.
   Will:      It increases your willpower.
 S - the +1 pair of gloves "Acapleus" (worn) {Will+ SInv}
   (Okawaru gifted it to you on level 5 of the Lair of Beasts)

   SInv:      It lets you see invisible.
   Will:      It increases your willpower.
 V - a +1 hat (worn)
 W - a +0 buckler of reflection (worn)
Jewellery
 r - a ring of willpower (right hand)
 s - the amulet "Cyestred" (around neck) {Acrobat Will+ Dex+3}
   (You bought it in a shop on level 6 of the Dungeon)

   [amulet of the acrobat]

   It increases your evasion while moving and waiting.
   Dex:       It affects your dexterity (+3).
   Will:      It increases your willpower.
 H - a ring of protection from cold
 N - a ring of positive energy
 Q - a ring of protection from cold (left hand)
Wands
 e - a wand of roots (30)
 q - a wand of light (7)
 u - a wand of polymorph (17)
 E - a wand of flame (23)
Scrolls
 h - 11 scrolls of teleportation
 j - 3 scrolls of enchant armour
 o - 23 scrolls of identify
 v - 4 scrolls of poison
 x - a scroll of silence
 G - a scroll of amnesia
Potions
 f - a potion of flight
 g - 2 potions of ambrosia
 l - 10 potions of curing
 m - 7 potions of heal wounds
 w - 3 potions of haste
 B - 4 potions of lignification
 C - a potion of berserk rage
 I - 2 potions of cancellation
 J - 2 potions of might
 M - 4 potions of attraction
 R - a potion of mutation
Miscellaneous
 U - a piece from Xom's chessboard (15/15)


   Skills:
 - Level 16.0 Fighting
 - Level 18.0 Axes
 + Level 17.1 Armour
 - Level 16.0 Shields
 - Level 16.0 Invocations
 - Level 8.0 Evocations


You had 7 spell levels left.
You knew the following spells:

 Your Spells              Type           Power      Damage    Failure   Level
a - Passwall              Tmut/Erth      0%         N/A       99%         2
b - Swiftness             Air            0%         N/A       100%        3
c - Apportation           Tloc           0%         N/A       95%         1
d - Portal Projectile     Hex/Tloc       0%         N/A       100%        3

Your spell library contained the following spells:

 Spells                   Type           Power      Damage    Failure   Level
 Necrotise                Necr           0%         1d4       95%         1
 Shock                    Conj/Air       0%         1d3       95%         1
 Slow                     Hex            0%         N/A       95%         1
 Sting                    Tmut/Pois      0%         1d3       95%         1
 Ensorcelled Hibernation  Hex/Ice        0%         N/A       99%         2
 Confusing Touch          Hex            0%         N/A       100%        3
 Hailstorm                Conj/Ice       0%         3d3       100%        3
 Ignite Poison            Fire/Tmut/Pois 0%         N/A       100%        3
 Kindle Blastsparks       Fire/Tloc/Air  0%         2d10      100%        3
 Vampiric Draining        Necr           0%         2d6       100%        3
 Airstrike                Air            0%         2d(0-16)  100%        4
 Fulminant Prism          Conj/Hex       0%         3d5       100%        4
 Ice Form                 Ice/Tmut       0%         N/A       100%        4
 Iskenderun's Mystic Bla  Conj/Tloc      0%         2d3       100%        4
 Leda's Liquefaction      Hex/Erth       0%         N/A       100%        4
 Agony                    Necr           0%         N/A       100%        5
 Alistair's Intoxication  Tmut/Pois      0%         N/A       100%        5
 Blade Hands              Tmut           0%         N/A       100%        5
 Freezing Cloud           Conj/Ice/Air   0%         6-21      100%        5
 Irradiate                Conj/Tmut      0%         3d11      100%        5
 Lee's Rapid Deconstruct  Erth           0%         3d4*      100%        5
 Lightning Bolt           Conj/Air       0%         1d11      100%        5
 Eringya's Noxious Bog    Tmut/Pois      0%         N/A       100%        6
 Dragon Form              Tmut           0%         N/A       100%        7
 Lehudib's Crystal Spear  Conj/Erth      0%         10d2      100%        8
 Call Canine Familiar     Summ           Unusable   N/A       N/A         3
 Summon Lightning Spire   Summ/Air       Unusable   N/A       N/A         4
 Summon Forest            Summ/Tloc      Unusable   N/A       N/A         5
 Simulacrum               Ice/Necr       Unusable   N/A       N/A         6
 Summon Hydra             Summ           Unusable   N/A       N/A         7

Dungeon Overview and Level Annotations

Branches:
Dungeon (15/15)            Temple (1/1) D:5            Lair (5/5) D:8
 Shoals (0/4) Lair:2        Snake (1/4) Lair:2        Slime (5/5) Lair:5
    Orc (2/2) D:9             Elf (0/3) Orc:2        Vaults (0/5) D:13
 Depths (0/4) D:15        Volcano (visited)

Altars:
Ashenzari
Cheibriados
Dithmenos
Elyvilon
Fedhas
Gozag
Hepliaklqana
Kikubaaqudgha
Makhleb
Nemelex Xobeh
Okawaru
Qazlal
Ru
Sif Muna
Trog
Uskayaw
Vehumet
Wu Jian
Xom
Yredelemnul
Zin
The Shining One
Jiyva

Shops:
D:6 =   D:11 [   Orc:2 =((!(

Annotations:
Snake:1 Nikola
Slime:5 Royal Jelly


Innate Abilities, Weirdness & Mutations

You have large cloven feet.
You are partially covered in iridescent scales. (AC +2)
You passively dampen the noise of your surroundings.


Message History

You feel yourself speed up.
You feel like a meek peon again.
You start resting.
You are returned from the Arena.
Welcome back to the Pits of Slime!
Level annotation: Royal Jelly The rockslime barely misses you.
The rockslime completely misses you.
The rockslime jiggles.
The rockslime hits you but does no damage.
The quicksilver ooze closely misses you.
You block the quicksilver ooze's attack.
Aiming: Duel (1% risk of failure)
Press: ? - help, Dir - move target, f - quicksilver ooze
Aim: a quicksilver ooze You enter into single combat with the quicksilver ooze!
The world spins around you as you enter the gateway.
You enter Okawaru's Arena!
The spectator shouts! x11
The quicksilver ooze hits you!
* * * LOW HITPOINT WARNING * * *
The quicksilver ooze hits you but does no damage.
Found a gate leading back out of this place.
There is an empty arch of ancient stone, spattered with blood here.
You are too injured to fight recklessly!
You barely miss the quicksilver ooze. The quicksilver ooze hits you!
* * * LOW HITPOINT WARNING * * *
The quicksilver ooze engulfs you!
You block the quicksilver ooze's attack.
You barely miss the quicksilver ooze.
* * * LOW HITPOINT WARNING * * *
Your lungs strain for air!
The quicksilver ooze hits you.
* * * LOW HITPOINT WARNING * * *
The quicksilver ooze barely misses you.
You slice the quicksilver ooze!! You freeze the quicksilver ooze.
The quicksilver ooze is heavily wounded.
* * * LOW HITPOINT WARNING * * *
Your lungs strain for air!
You block the quicksilver ooze's attack. x2
The quicksilver ooze hits you!
You die...
Okawaru crowns the quicksilver ooze victorious!

###########
#..p▓∩▓p..# ##
▓▓▓▓▓▓▓▓▓ ##
#.▓ ....... ▓.#
#.▓.#.....#.▓.#
#p▓.........▓p#
#▓▓.........▓▓#
#p▓....@....▓p#
#▓▓...J.....▓▓#
#p▓.........▓p#
#.▓.#.....#.▓.#
#.▓ ....... ▓.#
## ▓▓▓▓▓▓▓▓▓ ##
#..p▓p▓p..#
###########


You could see a quicksilver ooze.

Vanquished Creatures
  Rupert (Orc:2)
  7 acid blobs
  Gastronok (Lair:1)
  6 rockslimes
  6 azure jellies
  5 quicksilver oozes
  2 dire elephants
  Snorg (Orc:2)
  An ice dragon (D:13)
  3 hydras
  2 great orbs of eyes
  2 ogre magi (Orc:2)
  A vault guard (D:13)
  A catoblepas (Lair:5)
  4 centaur warriors
  12 two-headed ogres
  7 boulder beetles
  A tengu warrior (D:14)
  A deep troll shaman (Lair:5)
  9 death yaks (Lair:5)
  A hell hog (Volcano)
  An iron troll (Orc:2)
  A fire crab (Volcano)
  A shadow wraith (D:13)
  A deep troll (Orc:2)
  A glowing orange brain (Slime:3)
  2 harpies (Lair:2)
  A spectral wolf spider (D:14)
  A deep elf pyromancer (D:15)
  A wolf spider zombie (D:14)
  An oklob plant (Lair:5)
  4 orc knights
  12 ugly things
  A wolf spider (D:10)
  5 shining eyes
  Joseph (D:8)
  4 cyclopes
  7 manticores
  A centaur zombie (D:14)
  A salamander (D:15)
  5 elephants (Lair:5)
  An eye of devastation (Slime:3)
  3 black mambas
  A centaur skeleton (D:14)
  9 cane toads
  2 gargoyles
  An unseen horror (D:11)
  A torpor snail (Lair:5)
  A rime drake (Lair:5)
  2 kobold demonologists
  A tengu conjurer (D:14)
  A freezing wraith (D:15)
  6 komodo dragons
  13 trolls
  9 polar bears
  3 meliai (D:14)
  A wind drake (shapeshifter) (D:13)
  Grinder (D:6)
  A wolf spider simulacrum (D:15)
  A raiju (shapeshifter) (D:13)
  36 blink frogs
  10 dream sheep
  Sigmund (D:5)
  99 slime creatures
  4 centaur simulacra
  3 shadows
  A vampire (D:10)
  6 fire bats (Volcano)
  9 wyverns
  3 wraiths
  37 yaks
  5 basilisks
  4 golden eyes (Slime:2)
  2 steam dragons
  13 vampire mosquitoes
  Menkaure (D:5)
  A warg (Orc:1)
  3 acid dragons
  4 nagas (Lair:2)
  2 hell hounds (Volcano)
  11 water moccasins
  A sky beast (D:6)
  15 orc warriors
  A meliai simulacrum (D:15)
  A hornet zombie (D:14)
  8 ice beasts
  3 black bears
  10 centaurs
  19 ogres
  35 wolves
  A kobold brigand (D:8)
  6 bullfrogs
  2 scorpions (D:6)
  4 gnoll sergeants
  A hornet simulacrum (D:15)
  9 wights
  8 killer bees
  5 electric eels
  8 howler monkeys
  3 gnoll boudas
  19 orc priests
  6 hounds
  5 jellies
  Ijyb (D:3)
  3 iguanas
  21 orc wizards
  37 gnolls
  9 adders
  3 shadow imps
  14 white imps
  3 ufetubi
  2 dart slugs
  84 orcs
  6 ball pythons
  2 bats
  12 endoplasms
  4 giant cockroaches
  11 goblins
  4 hobgoblins
  7 jackals (D:7)
  16 kobolds
  4 quokkas
  2 frilled lizards
  6 rats
860 creatures vanquished.

Vanquished Creatures (others)
  An orc (D:8)
  3 bushes (D:8)
  28 fungi
  41 plants
  8 toadstools (D:3)
81 creatures vanquished.

Grand Total: 941 creatures vanquished

Notes
Turn   | Place    | Note
-------+----------+-------------------------------------------
     0 | D:1      | Rrauwl the Hill Orc Fighter began the quest for the Orb.
     0 | D:1      | Reached XP level 1. HP: 19/19 MP: 1/1
   302 | D:1      | Reached skill level 3 in Axes
   302 | D:1      | Reached XP level 2. HP: 27/27 MP: 2/2
  1038 | D:2      | Reached XP level 3. HP: 28/33 MP: 3/3
  1267 | D:2      | Reached XP level 4. HP: 22/40 MP: 4/4
  1497 | D:2      | Reached skill level 4 in Axes
  1799 | D:2      | Found a faded altar of an unknown god.
  1943 | D:3      | Reached XP level 5. HP: 46/46 MP: 5/5
  2158 | D:3      | Noticed Ijyb
  2162 | D:3      | Killed Ijyb
  2239 | D:3      | Identified 2 scrolls of acquirement
  2239 | D:3      | Acquired the +4 cloak of Resonance {Fly rPois rF+++ rCorr}
  2429 | D:3      | Found a stormy altar of Qazlal.
  2447 | D:3      | Reached skill level 5 in Axes
  2449 | D:3      | Reached skill level 5 in Shields
  2634 | D:3      | Reached skill level 6 in Axes
  2634 | D:3      | Reached XP level 6. HP: 52/52 MP: 6/6
  3430 | D:4      | Reached skill level 7 in Axes
  3679 | D:4      | Identified the +2 bardiche "Lilemor" {freeze, +Blink}
  3717 | D:4      | Acquired a manual of Armour
  3818 | D:4      | Found a radiant altar of Vehumet.
  3824 | D:4      | Found a snail-covered altar of Cheibriados.
  3827 | D:4      | Found an opulent altar of Gozag.
  3834 | D:4      | Found an ancient bone altar of Kikubaaqudgha.
  3836 | D:4      | Found a glowing golden altar of the Shining One.
  3937 | D:5      | Entered Level 5 of the Dungeon
  4051 | D:5      | Noticed a water moccasin
  4095 | D:5      | Killed a water moccasin
  4096 | D:5      | Reached skill level 5 in Armour
  4096 | D:5      | Reached XP level 7. HP: 59/59 MP: 7/7
  4283 | D:5      | Found a staircase to the Ecumenical Temple.
  4326 | Temple   | Entered the Ecumenical Temple
  4411 | Temple   | Became a worshipper of Warmaster Okawaru
  4624 | D:5      | Found a sacrificial altar of Ru.
  4625 | D:5      | Found a basalt altar of Yredelemnul.
  4635 | D:5      | Noticed Menkaure
  4643 | D:5      | Killed Menkaure
  4644 | D:5      | Reached skill level 8 in Axes
  4773 | D:5      | Noticed Sigmund
  4784 | D:5      | Killed Sigmund
  4858 | D:5      | Reached * piety under Okawaru
  4859 | D:5      | Reached XP level 8. HP: 64/66 MP: 8/8
  4869 | D:5      | Reached skill level 9 in Axes
  5266 | D:6      | Noticed Grinder
  5288 | D:6      | Killed Grinder
  5289 | D:6      | Reached skill level 10 in Axes
  5362 | D:6      | Reached ** piety under Okawaru
  5403 | D:6      | Reached skill level 10 in Armour
  5754 | D:6      | Gained mutation: You possess an exceptional clarity of
                  | mind. [potion of mutation]
  5754 | D:6      | Gained mutation: You have a pair of small horns on your
                  | head. [potion of mutation]
  5754 | D:6      | Gained mutation: You are agile. (Dex +4, Str/Int -1)
                  | [potion of mutation]
  5754 | D:6      | Gained mutation: You have an increased reservoir of magic.
                  | (+10% MP) [potion of mutation]
  5821 | D:6      | Found Iduney's Jewellery Boutique.
  6181 | D:6      | Reached XP level 9. HP: 61/71 MP: 9/9
  6228 | D:6      | Reached skill level 11 in Axes
  6458 | D:7      | Reached skill level 12 in Axes
  6541 | D:7      | Reached *** piety under Okawaru
  7273 | D:8      | Reached skill level 13 in Axes
  7273 | D:8      | Reached XP level 10. HP: 72/78 MP: 11/11
  7633 | D:8      | Reached **** piety under Okawaru
  7666 | D:8      | Reached skill level 14 in Axes
  7686 | D:8      | Found a staircase to the Lair.
  7949 | D:8      | Noticed Joseph
  7960 | D:8      | Killed Joseph
  8289 | D:8      | Reached ***** piety under Okawaru
  8353 | D:8      | Reached skill level 15 in Armour
  8406 | D:8      | Reached skill level 15 in Axes
  8626 | D:8      | Identified the +9 crystal plate armour of the Alphagorgon
                  | {Str+3 Dex+3 Stlth+} (Okawaru gifted it to you on level 8
                  | of the Dungeon)
  8626 | D:8      | Received a gift from Okawaru
  8627 | D:8      | Reached XP level 11. HP: 48/84 MP: 12/12
  8766 | D:9      | Identified the +3 leather armour of the Blue Moon {Int+3}
  8832 | D:9      | Identified the +1 pair of gloves "Nuho Udo" {rC+ Dex+3}
  8917 | D:9      | Identified the +1 ring mail "Buteb" {rF+ Dex+3}
  9037 | D:9      | Found a staircase to the Orcish Mines.
  9499 | D:10     | Entered Level 10 of the Dungeon
  9509 | D:10     | Noticed a two-headed ogre
  9568 | Lair:1   | Entered Level 1 of the Lair of Beasts
  9604 | Lair:1   | Reached skill level 5 in Fighting
 10107 | Lair:1   | Noticed Gastronok
 10163 | Lair:1   | Killed Gastronok
 10164 | Lair:1   | Reached skill level 16 in Axes
 10916 | Lair:2   | Received a gift from Okawaru
 11104 | Lair:2   | Reached XP level 12. HP: 100/100 MP: 13/13
 11129 | Lair:2   | Found a staircase to the Shoals.
 11260 | Lair:2   | Found a staircase to the Snake Pit.
 11849 | Lair:3   | Reached skill level 17 in Axes
 12106 | Lair:3   | Got Sif Muna's Vademecum on the Xenomorphic Mantle
 12110 | Lair:3   | Learned a level 2 spell: Passwall
 12114 | Lair:3   | Learned a level 3 spell: Swiftness
 12198 | Lair:3   | Noticed a seven-headed hydra
 12212 | Lair:3   | Killed a seven-headed hydra
 12826 | Lair:4   | Reached ****** piety under Okawaru
 13402 | Lair:4   | Found a dark tunnel.
 13409 | Volcano  | Entered a volcano
 13448 | Volcano  | Reached skill level 10 in Fighting
 13448 | Volcano  | Reached XP level 13. HP: 111/113 MP: 14/14
 13454 | Volcano  | Identified the +3 scale mail of Duck's Teeth {rCorr MP+9
                  | Int-4}
 13489 | Volcano  | Identified the +1 scale mail of Vihonid {rPois Str+4 Dex-2}
                  | (Okawaru gifted it to you in a volcano)
 13489 | Volcano  | Received a gift from Okawaru
 13490 | Volcano  | Reached skill level 10 in Shields
 13491 | Volcano  | Reached skill level 18 in Axes
 13652 | Lair:5   | Entered Level 5 of the Lair of Beasts
 14194 | Lair:5   | Found a viscous altar of Jiyva.
 14194 | Lair:5   | Found a staircase to the Slime Pits.
 14242 | Lair:5   | Reached skill level 1 in Invocations
 14360 | Lair:5   | Identified the +1 pair of gloves "Acapleus" {Will+ SInv}
                  | (Okawaru gifted it to you on level 5 of the Lair of Beasts)
 14360 | Lair:5   | Received a gift from Okawaru
 14443 | Lair:5   | Reached skill level 5 in Invocations
 14599 | Lair:5   | Reached XP level 14. HP: 126/126 MP: 20/22
 14798 | Lair:5   | Reached skill level 10 in Invocations
 14880 | Lair:5   | Noticed a dire elephant
 14903 | Lair:5   | Killed a dire elephant
 15246 | Lair:5   | Identified the +10 plate armour of Charity {Rampage}
 15633 | D:10     | Received a gift from Okawaru
 15669 | D:10     | Reached skill level 1 in Evocations
 16310 | D:11     | Reached skill level 5 in Evocations
 16403 | D:11     | Found Guck's Antique Armour Shoppe.
 17052 | D:12     | Identified the +6 plate armour "Byewnolo" {rPois Dex+4}
                  | (Okawaru gifted it to you on level 12 of the Dungeon)
 17052 | D:12     | Received a gift from Okawaru
 17596 | Orc:1    | Entered Level 1 of the Orcish Mines
 17597 | Orc:1    | Upgraded the game from 0.30-a0-694-g3340775977 to
                  | 0.30-a0-702-gdf48620a09
 17652 | Orc:2    | Entered Level 2 of the Orcish Mines
 17652 | Orc:2    | Noticed Snorg
 17672 | Orc:2    | Killed Snorg
 17924 | Orc:2    | Found a staircase to the Elven Halls.
 17972 | Orc:2    | Found Kax Vuiv's Antique Weapon Shop.
 17972 | Orc:2    | Noticed Rupert
 18053 | Orc:2    | Killed Rupert
 18323 | Orc:2    | Found Voetzum's Distillery.
 18346 | Orc:2    | Reached XP level 15. HP: 131/134 MP: 27/27
 18444 | Orc:2    | Identified the +10 broad axe of Hemovih {freeze, Fly Str+3
                  | Int+9 Dex-2} (Okawaru gifted it to you on level 2 of the
                  | Orcish Mines)
 18444 | Orc:2    | Received a gift from Okawaru
 18460 | Orc:2    | Found Cohah's Antique Weapon Shoppe.
 18640 | Orc:2    | Found Diptuv's Jewellery Boutique.
 18643 | Orc:2    | Bought a potion of haste for 120 gold pieces
 18643 | Orc:2    | Bought a potion of heal wounds for 60 gold pieces
 18643 | Orc:2    | Bought a potion of might for 48 gold pieces
 18643 | Orc:2    | Bought a potion of might for 48 gold pieces
 18651 | Orc:2    | Found Fotwyd's Weapon Emporium.
 18659 | Orc:2    | Bought a +0 broad axe of venom for 102 gold pieces
 18730 | Orc:1    | You are sucked into a shaft and drop 1 floor!
 20598 | D:13     | Found a gate to the Vaults.
 20770 | D:14     | Acquired 650 gold pieces
 20794 | D:14     | Identified the +1 pair of boots "Ukhymp" {rF+ Will+}
                  | (Okawaru gifted it to you on level 14 of the Dungeon)
 20794 | D:14     | Received a gift from Okawaru
 21179 | D:14     | You are sucked into a shaft and drop 1 floor!
 21179 | D:15     | Entered Level 15 of the Dungeon
 21751 | D:15     | Learned a level 1 spell: Apportation
 21755 | D:15     | Learned a level 3 spell: Portal Projectile
 21780 | D:15     | Reached XP level 16. HP: 126/147 MP: 29/29
 21914 | D:15     | Found a staircase to the Depths.
 22350 | D:15     | Reached skill level 15 in Invocations
 22723 | D:15     | Found an ornate altar of the Wu Jian Council.
 23043 | D:6      | Bought the amulet "Cyestred" {Acrobat Will+ Dex+3} for 684
                  | gold pieces
 23165 | Snake:1  | Entered Level 1 of the Snake Pit
 23165 | Snake:1  | Noticed Nikola
 23223 | Slime:1  | Entered Level 1 of the Pits of Slime
 23223 | Slime:1  | Noticed an acid blob
 23230 | Slime:1  | Killed an acid blob
 23243 | Slime:1  | Noticed an azure jelly
 23252 | Slime:1  | Received a gift from Okawaru
 23254 | Slime:1  | Killed an azure jelly
 23274 | Slime:1  | Reached skill level 15 in Fighting
 23722 | Slime:1  | Lost mutation: You are agile. (Dex +4, Str/Int -1) [a
                  | shining eye]
 23723 | Slime:1  | Lost mutation: You have an increased reservoir of magic.
                  | (+10% MP) [a shining eye]
 23725 | Slime:1  | Gained mutation: Your body sometimes deteriorates upon
                  | taking damage. [a shining eye]
 23726 | Slime:1  | Gained mutation: Potions are less effective at restoring
                  | your health. [a shining eye]
 23733 | Slime:1  | Lost mutation: Potions are less effective at restoring your
                  | health. [potion of mutation]
 23733 | Slime:1  | Lost mutation: You have a pair of small horns on your head.
                  | [potion of mutation]
 23733 | Slime:1  | Lost mutation: You possess an exceptional clarity of mind.
                  | [potion of mutation]
 23733 | Slime:1  | Gained mutation: You have sharp fingernails. [potion of
                  | mutation]
 23733 | Slime:1  | Gained mutation: You passively dampen the noise of your
                  | surroundings. [potion of mutation]
 23817 | Slime:2  | Noticed an acid blob
 23828 | Slime:2  | Killed an acid blob
 23928 | Slime:2  | Received a gift from Okawaru
 24334 | Slime:3  | Reached skill level 15 in Shields
 24525 | Slime:3  | Noticed an acid blob
 24538 | Slime:3  | Killed an acid blob
 24875 | Slime:4  | Noticed an azure jelly
 24877 | Slime:4  | Gained mutation: You occasionally lose the ability to read
                  | scrolls when taking damage. [a shining eye]
 24888 | Slime:4  | Killed an azure jelly
 25017 | Slime:4  | Noticed an azure jelly
 25017 | Slime:4  | Noticed an acid blob
 25029 | Slime:4  | Killed an azure jelly
 25036 | Slime:4  | Killed an acid blob
 25157 | Slime:4  | Noticed an azure jelly
 25166 | Slime:3  | Killed an azure jelly
 25166 | Slime:3  | Received a gift from Okawaru
 25182 | Slime:3  | Noticed a rockslime
 25193 | Slime:3  | Killed a rockslime
 25468 | Slime:4  | Reached XP level 17. HP: 158/158 MP: 29/29
 25525 | Slime:4  | Noticed an acid blob
 25532 | Slime:4  | Killed an acid blob
 25726 | Slime:5  | Entered Level 5 of the Pits of Slime
 25768 | Slime:5  | Gained mutation: You are occasionally teleported next to
                  | monsters. [a shining eye]
 25878 | Slime:5  | Lost mutation: You have sharp fingernails. [potion of
                  | mutation]
 25878 | Slime:5  | Lost mutation: You occasionally lose the ability to read
                  | scrolls when taking damage. [potion of mutation]
 25878 | Slime:5  | Gained mutation: You have large cloven feet. [potion of
                  | mutation]
 25878 | Slime:5  | Gained mutation: You have a beak for a mouth. [potion of
                  | mutation]
 25879 | Slime:5  | Lost mutation: You have a beak for a mouth. [potion of
                  | mutation]
 25879 | Slime:5  | Lost mutation: Your body sometimes deteriorates upon taking
                  | damage. [potion of mutation]
 25879 | Slime:5  | Lost mutation: You are occasionally teleported next to
                  | monsters. [potion of mutation]
 25879 | Slime:5  | Gained mutation: You are partially covered in iridescent
                  | scales. (AC +2) [potion of mutation]
 25897 | Slime:5  | Noticed an acid blob
 25903 | Slime:5  | Killed an acid blob
 25981 | Slime:5  | Noticed the Royal Jelly
 25992 | Slime:5  | Noticed an acid blob
 25993 | Slime:5  | Noticed an acid blob
 26010 | Slime:5  | Noticed an acid blob
 26012 | Slime:5  | Killed an acid blob
 26012 | Slime:5  | Noticed an acid blob
 26017 | Arena    | Entered the Arena
 26037 | Arena    | Entered the Arena
 26040 | Arena    | Slain by a quicksilver ooze

Illustrated notes

Levels and vault maps discovered:
D:1:      dpeg_arrival_stonehenge_8_columns, layout_basic
D:2:      wander_river, layout_basic, chequers_ecumenical_altar_twisty,
          minmay_misc_feat_rugged, minmay_box_of_dots
D:3:      cheibrodos_fertilizer, layout_basic, nicolae_qazlal_scattered_showers,
          uniq_ijyb
D:4:      layout_cave_pods, minmay_overflow_temple_star_hex, minivault_14
D:5:      layout_loops_ring, mainiacjoe_overflow_catwalk_spiral, temple_pool_b,
          uniq_sigmund, uniq_menkaure
D:6:      layout_gridville, serial_shops, kennysheep_mini, uniq_grinder
D:7:      layout_cave_pools, serial_gnoll_camp, gnoll_camp_mini_hut,
          gnoll_camp_mini_basic, gnoll_camp_huts_moat, gnoll_camp_mini_doghouse
D:8:      layout_basic, minmay_lair_entry_grove, uniq_joseph
D:9:      layout_small_grid, hiddenorc2_lemuel
D:10:     minmay_slanted_spiral_squares, layout_loops_cross,
          kennysheep_small_square
D:11:     layout_gridville, serial_shops, shop
D:12:     layout_long_grid, chequers_serial_rivers_room_b, pond
D:13:     layout_loops_corners, david_vaults_4, serial_ice, serial_ice_n,
          serial_ice_i, serial_ice_a, serial_ice_b,
          portal_ice_cave_entry_animals_and_master, minmay_misc_feat_hallway,
          minmay_misc_feat_ornament
D:14:     layout_roguey, grunt_decor_arrowhead, hangedman_weighted_door,
          nicolae_wwwww
D:15:     hangedman_depths_entry_try_elsewhere_first, layout_long_grid,
          serial_ice, serial_ice_e, serial_ice_b, serial_ice_j, serial_ice_d,
          serial_ice_h, serial_ice_f, serial_ice_g, serial_ice_o, serial_ice_c,
          serial_ice_m, nzn_wu_jian_contemplation
Temple:   minmay_temple_curvy_branch
Lair:1:   layout_small_grid, gauntlet_entry_generic, serial_bayou_crossing,
          uniq_gastronok
Lair:2:   layout_small_grid, nicolae_shoals_entry_roost,
          minmay_snake_entry_guardpost_small, grunt_megastairs_1
Lair:3:   layout_gridlike
Lair:4:   layout_loops_ring, nicolae_volcano_entry_s_turn
Lair:5:   grunt_lair_end_beastmaster, layout_gridlike, slime_entry_1,
          nzn_sisyphean_effort
Snake:1:  layout_onion_interference, nrook_guardian_serpent_ordinary,
          nicolae_triple_integral, uniq_nikola, uniq_jorgrun
Slime:1:  layout_caves
Slime:2:  layout_caves
Slime:3:  layout_caves
Slime:4:  layout_caves
Slime:5
Orc:1:    layout_diamond_mine, uniq_harold
Orc:2:    st_orc_open, layout_diamond_mine, serial_shops, shop_fountains,
          uniq_rupert, uniq_snorg
Arena

Skill      XL: |  1  2  3  4  5  6  7  8  9 10 11 12 13 14 15 16 17 |
---------------+----------------------------------------------------+-----
Axes           | 3 4 6 7 8 10 13 15 16 17 18 | 18.0
Fighting       | 4 7 10 12 14 16 | 16.0
Armour         | 4 5 7 10 13 15 16 17 | 17.1
Shields        | 4 5 7 9 12 13 16 | 16.0
Invocations    | 8 12 14 16 | 16.0
Evocations     | 6 8 |  8.0

Action                   |  1- 3 |  4- 6 |  7- 9 | 10-12 | 13-15 | 16-18 || total
-------------------------+-------+-------+-------+-------+-------+-------++-------
Melee: War axe           |    58 |   159 |   360 |   723 |   927 |       ||  2227
       Unarmed           |    10 |     5 |       |       |       |       ||    15
       Headbutt          |       |       |    42 |   158 |   338 |    34 ||   572
       Flail             |       |       |       |     3 |    13 |       ||    16
       Broad axe         |       |       |       |       |   255 |   409 ||   664
 Fire: Sling             |       |       |       |       |       |     9 ||     9
Throw: Throwing net      |       |       |     1 |       |     2 |       ||     3
Invok: Heroism           |       |       |     1 |       |     1 |     1 ||     3
       Duel              |       |       |       |       |       |     2 ||     2
       Finesse           |       |       |       |       |       |     1 ||     1
Evoke: Wand              |       |     1 |       |     7 |     3 |       ||    11
       Piece from Xom's  |       |       |       |       |     1 |       ||     1
  Use: Potion            |       |     8 |     4 |     3 |     3 |     6 ||    24
       Scroll            |       |    10 |     3 |     3 |     6 |     7 ||    29
 Stab: Petrified         |       |       |       |       |    16 |       ||    16
       Invisible         |       |       |       |       |     6 |       ||     6
       Held in net/web   |       |       |       |       |     4 |       ||     4
Armor: Scale mail        |    16 |       |       |       |       |       ||    16
       Skin              |     4 |     6 |     3 |       |       |       ||    13
       Plate armour      |       |   115 |   231 |    20 |       |       ||   366
       Chain mail        |       |       |       |   143 |       |       ||   143
       Crystal plate arm |       |       |       |   346 |   733 |   327 ||  1406
Dodge: Dodged            |    37 |    44 |   102 |   130 |   194 |   101 ||   608
Block: Buckler           |    12 |    27 |    77 |       |    10 |   119 ||   245
       Kite shield       |       |       |    19 |   442 |   684 |       ||  1145
       Reflection        |       |       |       |       |     1 |     3 ||     4

Table legend: (Time is in decaauts)
 A = Elapsed time spent in this place.
 B = Non-inter-level travel time spent in this place.
 C = Inter-level travel time spent in this place.
 D = Time resting spent in this place.
 E = Time spent auto-exploring this place.
 F = Levels seen in this place.
 G = Mean time per level.
                   A        B        C        D        E       F      G
               +--------+--------+--------+--------+--------+-----+--------+
         Total |  25745 |  24261 |   1484 |    234 |  18772 |  32 |  804.5 |
       Dungeon |  15679 |  14595 |   1084 |    219 |  11274 |  15 | 1045.3 |
        Temple |    254 |    249 |      5 |      0 |    241 |   1 |  254.0 |
          Lair |   5657 |   5413 |    244 |      0 |   4170 |   5 | 1131.4 |
     Snake Pit |      1 |      1 |      0 |      0 |      0 |   1 |    1.0 |
    Slime Pits |   2692 |   2628 |     64 |      0 |   2109 |   5 |  538.4 |
  Orcish Mines |   1239 |   1154 |     85 |      0 |    864 |   2 |  619.5 |
       Volcano |    195 |    195 |      0 |      0 |    114 |   1 |  195.0 |
         Arena |     24 |     24 |      0 |     15 |      0 |   2 |   12.0 |
               +--------+--------+--------+--------+--------+-----+--------+

Top non-repeatable levels by time:
    D:13: 1498 daAuts
  Lair:5: 1486 daAuts
     D:8: 1470 daAuts
     D:6: 1330 daAuts
  Lair:1: 1303 daAuts
    D:15: 1250 daAuts
     D:4: 1085 daAuts
   Orc:2: 1050 daAuts
  Lair:2: 1032 daAuts
     D:1: 1006 daAuts
     D:2: 977 daAuts
     D:9: 976 daAuts
     D:7: 955 daAuts
     D:3: 955 daAuts
  Lair:4: 952 daAuts
